TOP OF THE 1ST |
St Charles Sheens batting - Pitching for Portland Philospher Kings : RHP Yong-hoon Park
|
Pitching: RHP Yong-hoon Park
|
|
Batting: LHB Marcos Cantú
|
0-0: Reached on error, E4 (Groundball, 34)
|
Batting: RHB Kel Pierce
|
0-0: Ball 1-0: Ball 2-0: Fielders Choice at 2nd, 5-4 (Groundball, 5)
|
Batting: LHB Jeff Carter
|
0-0: Ball 1-0: Ball 2-0: Ball 3-0: Called Strike 3-1: Swinging Strike 3-2: Strikes out swinging Throwing error on steal attempt, E2 Kel Pierce to third
|
Batting: LHB Bob Ware
|
0-0: Ball 1-0: Ball 2-0: Fly out, F7 (Flyball, 7LD)
|
Top of the 1st over - 0 run(s), 0 hit(s), 2 error(s), 1 left on base; St Charles 0 - Portland 0 |
BOTTOM OF THE 1ST |
Portland Philospher Kings batting - Pitching for St Charles Sheens : RHP Bob Moss
|
Pitching: RHP Bob Moss
|
|
Batting: LHB Mike Young
|
0-0: Ball 1-0: Swinging Strike 1-1: Reached on Error, E8 (Line Drive, 8LM)
|
Batting: LHB Jeff Daniels
|
0-0: Ball 1-0: Ground out 6-3 (Groundball, 6MS) Mike Young to second
|
Batting: SHB José Alomar
|
0-0: Ball 1-0: Called Strike 1-1: Ball 2-1: Ball 3-1: Base on Balls
|
Batting: LHB Tom Blake
|
0-0: Ball 1-0: Foul Ball, location: 2F 1-1: Ball 2-1: Ball 3-1: SINGLE (Line Drive, 6MD) Mike Young to third José Alomar to second Runner from 3rd tries for Home, SAFE, no throw or cutoff
|
Batting: LHB Paul Mullins
|
0-0: SINGLE (Groundball, 34D) José Alomar to third Tom Blake to second Runner from 3rd tries for Home, SAFE, throw made home
|
Batting: RHB Aaron Scott
|
0-0: Ball 1-0: Grounds into double play, 4-6-3 (Groundball, 4)
|
Bottom of the 1st over - 2 run(s), 2 hit(s), 1 error(s), 1 left on base; St Charles 0 - Portland 2 |
TOP OF THE 2ND |
St Charles Sheens batting - Pitching for Portland Philospher Kings : RHP Yong-hoon Park
|
Batting: RHB Alfredo Rivera
|
0-0: Foul Ball, location: 2F 0-1: Swinging Strike 0-2: Ball 1-2: Foul Ball, location: 2F 1-2: Ball 2-2: Strikes out swinging
|
Batting: RHB Max Rash
|
0-0: Foul Ball, location: 2F 0-1: Ball 1-1: Ball 2-1: Ground out 5-3 (Groundball, 6S)
|
Batting: SHB Richard Bowman
|
0-0: Ball 1-0: Fly out, F7 (Flyball, 7S)
|
Top of the 2nd over - 0 run(s), 0 hit(s), 0 error(s), 0 left on base; St Charles 0 - Portland 2 |
BOTTOM OF THE 2ND |
Portland Philospher Kings batting - Pitching for St Charles Sheens : RHP Bob Moss
|
Batting: LHB Bill Bertrand
|
0-0: Swinging Strike 0-1: Ball 1-1: Ball 2-1: Fly out, F4 (Line Drive, 4)
|
Batting: RHB Germán Rosales
|
0-0: Swinging Strike 0-1: Fly out, F9 (Flyball, 4D)
|
Batting: SHB Ryu Kichida
|
0-0: Foul Ball, location: 2F 0-1: Ball 1-1: Ball 2-1: Ground out 4-3 (Groundball, 4M)
|
Bottom of the 2nd over - 0 run(s), 0 hit(s), 0 error(s), 0 left on base; St Charles 0 - Portland 2 |
TOP OF THE 3RD |
St Charles Sheens batting - Pitching for Portland Philospher Kings : RHP Yong-hoon Park
|
Batting: RHB Júlio Figueroa
|
0-0: Called Strike 0-1: Ball 1-1: Ball 2-1: Fly out, F9 (Flyball, 89D)
|
Batting: RHB Júlio Hernández
|
0-0: Ball 1-0: Foul Ball, location: 2F 1-1: Fly out, F8 (Flyball, 8RM)
|
Batting: LHB Marcos Cantú
|
0-0: Ball 1-0: Fly out, F9 (Line Drive, 9M)
|
Top of the 3rd over - 0 run(s), 0 hit(s), 0 error(s), 0 left on base; St Charles 0 - Portland 2 |
BOTTOM OF THE 3RD |
Portland Philospher Kings batting - Pitching for St Charles Sheens : RHP Bob Moss
|
Batting: LHB Mike Young
|
0-0: Called Strike 0-1: Ball 1-1: Foul Ball, location: 2F 1-2: Ball 2-2: Ground out U3 (Groundball, 3S)
|
Batting: LHB Jeff Daniels
|
0-0: Called Strike 0-1: Called Strike 0-2: Ball 1-2: SINGLE (Groundball, 6MD)
|
Batting: SHB José Alomar
|
0-0: Called Strike 0-1: Ground out U3 (Groundball, 3S) Jeff Daniels to second
|
Batting: LHB Tom Blake
|
0-0: Swinging Strike 0-1: Foul Ball, location: 2F 0-2: Ball 1-2: Ball 2-2: Ball 3-2: Foul Ball, location: 2F 3-2: Strikes out swinging
|
Bottom of the 3rd over - 0 run(s), 1 hit(s), 0 error(s), 1 left on base; St Charles 0 - Portland 2 |
TOP OF THE 4TH |
St Charles Sheens batting - Pitching for Portland Philospher Kings : RHP Yong-hoon Park
|
Batting: RHB Kel Pierce
|
0-0: Called Strike 0-1: SINGLE (Line Drive, 6MD)
|
Batting: LHB Jeff Carter
|
0-0: Fly out, F9 (Flyball, 89M)
|
Batting: LHB Bob Ware
|
0-0: Ball Kel Pierce steals 2nd base 1-0: Ball 2-0: Swinging Strike 2-1: Ball 3-1: Called Strike 3-2: Strikes out swinging
|
Batting: RHB Alfredo Rivera
|
0-0: Ball 1-0: Foul Ball, location: 2F 1-1: Swinging Strike 1-2: Strikes out swinging
|
Top of the 4th over - 0 run(s), 1 hit(s), 0 error(s), 1 left on base; St Charles 0 - Portland 2 |
BOTTOM OF THE 4TH |
Portland Philospher Kings batting - Pitching for St Charles Sheens : RHP Bob Moss
|
Batting: LHB Paul Mullins
|
0-0: Called Strike 0-1: Ground out 1-3 (Groundball, 25)
|
Batting: RHB Aaron Scott
|
0-0: Ball 1-0: Fly out, F7 (Flyball, 7LDF)
|
Batting: LHB Bill Bertrand
|
0-0: Called Strike 0-1: Called Strike 0-2: Ground out 4-3 (Groundball, 4)
|
Bottom of the 4th over - 0 run(s), 0 hit(s), 0 error(s), 0 left on base; St Charles 0 - Portland 2 |
TOP OF THE 5TH |
St Charles Sheens batting - Pitching for Portland Philospher Kings : RHP Yong-hoon Park
|
Batting: RHB Max Rash
|
0-0: Ball 1-0: Foul Ball, location: 2F 1-1: Fly out, F3 (Popup, 3F)
|
Batting: SHB Richard Bowman
|
0-0: Ground out 4-3 (Groundball, 4)
|
Batting: RHB Júlio Figueroa
|
0-0: Ball 1-0: Foul Ball, location: 2F 1-1: Ball 2-1: Ball 3-1: Ground out 1-3 (Groundball, 13)
|
Top of the 5th over - 0 run(s), 0 hit(s), 0 error(s), 0 left on base; St Charles 0 - Portland 2 |
BOTTOM OF THE 5TH |
Portland Philospher Kings batting - Pitching for St Charles Sheens : RHP Bob Moss
|
Batting: RHB Germán Rosales
|
0-0: Called Strike 0-1: Fly out, F9 (Flyball, 9S)
|
Batting: SHB Ryu Kichida
|
0-0: Ball 1-0: Ball 2-0: Ball 3-0: Called Strike 3-1: Fly out, F9 (Popup, 9S)
|
Batting: LHB Mike Young
|
0-0: Ground out 5-3 (Groundball, 56)
|
Bottom of the 5th over - 0 run(s), 0 hit(s), 0 error(s), 0 left on base; St Charles 0 - Portland 2 |
TOP OF THE 6TH |
St Charles Sheens batting - Pitching for Portland Philospher Kings : RHP Yong-hoon Park
|
Batting: RHB Júlio Hernández
|
0-0: Ball 1-0: Called Strike 1-1: Foul Ball, location: 2F 1-2: Fly out, F9 (Flyball, 9D)
|
Batting: LHB Marcos Cantú
|
0-0: Called Strike 0-1: Ground out 6-3 (Groundball, 6M)
|
Batting: RHB Kel Pierce
|
0-0: Called Strike 0-1: Foul Ball, location: 2F 0-2: Ball 1-2: Foul Ball, location: 2F 1-2: Foul Ball, location: 2F 1-2: SINGLE (Line Drive, 4MD)
|
Batting: LHB Jeff Carter
|
0-0: Ball 1-0: Ground out 4-3 (Groundball, 34)
|
Top of the 6th over - 0 run(s), 1 hit(s), 0 error(s), 1 left on base; St Charles 0 - Portland 2 |
BOTTOM OF THE 6TH |
Portland Philospher Kings batting - Pitching for St Charles Sheens : RHP Bob Moss
|
Batting: LHB Jeff Daniels
|
0-0: SINGLE (Groundball, 6MD)
|
Batting: SHB José Alomar
|
0-0: Ball 1-0: Foul Ball, location: 2F 1-1: Ball 2-1: Ball 3-1: Base on Balls Jeff Daniels to second
|
Batting: LHB Tom Blake
|
0-0: SINGLE (Line Drive, 9LS) Jeff Daniels to third José Alomar to second
|
Batting: LHB Paul Mullins
|
0-0: Swinging Strike 0-1: Fly out, F9 (Flyball, 89XD) Runner from 3rd tags up, SCORES, no throw José Alomar to third
|
Now in RF: Guo-xiu Choi
|
|
Batting: RHB Aaron Scott
|
0-0: Called Strike 0-1: Fly out, F8 (Flyball, 8LM) Runner from 3rd tags up, OUT at HOME
|
Bottom of the 6th over - 1 run(s), 2 hit(s), 0 error(s), 1 left on base; St Charles 0 - Portland 3 |
TOP OF THE 7TH |
St Charles Sheens batting - Pitching for Portland Philospher Kings : RHP Yong-hoon Park
|
Batting: LHB Bob Ware
|
0-0: Called Strike 0-1: Foul Ball, location: 2F 0-2: Foul Ball, location: 2F 0-2: Strikes out swinging
|
Batting: RHB Alfredo Rivera
|
0-0: Ball 1-0: Ball 2-0: Called Strike 2-1: Foul Ball, location: 2F 2-2: Foul Ball, location: 2F 2-2: Ball 3-2: Fly out, F8 (Flyball, 8RD)
|
Batting: RHB Max Rash
|
0-0: Called Strike 0-1: Reached on error, E3 (Groundball, 23)
|
Pitching: LHP Valentín Reséndez
|
|
Batting: SHB Richard Bowman
|
0-0: Ball 1-0: Ball 2-0: Foul Ball, location: 2F 2-1: Ball 3-1: Foul Ball, location: 2F 3-2: Strikes out swinging
|
Top of the 7th over - 0 run(s), 0 hit(s), 1 error(s), 1 left on base; St Charles 0 - Portland 3 |
BOTTOM OF THE 7TH |
Portland Philospher Kings batting - Pitching for St Charles Sheens : RHP Bob Moss
|
Batting: LHB Bill Bertrand
|
0-0: Ball 1-0: Called Strike 1-1: Foul Ball, location: 2F 1-2: SINGLE (Groundball, 34D)
|
Batting: RHB Germán Rosales
|
0-0: Fly out, F9 (Flyball, 9M) 0-0: Fly out, F9 (Flyball, 9M)
|
Batting: SHB Ryu Kichida
|
0-0: Ball 1-0: Ball 2-0: 2-RUN HOME RUN (Flyball, 89XD), Distance : 370 ft
|
Batting: LHB Mike Young
|
0-0: Ball 1-0: SINGLE (Groundball, 56D)
|
Batting: LHB Jeff Daniels
|
0-0: Called Strike Mike Young steals 2nd base 0-1: Foul Ball, location: 2F 0-2: Ball 1-2: Ball 2-2: Strikes out swinging
|
Batting: SHB José Alomar
|
0-0: Called Strike 0-1: Ball 1-1: Called Strike 1-2: Ball 2-2: Ball 3-2: Ground out 6-3 (Groundball, 6)
|
Bottom of the 7th over - 2 run(s), 3 hit(s), 0 error(s), 1 left on base; St Charles 0 - Portland 5 |
TOP OF THE 8TH |
St Charles Sheens batting - Pitching for Portland Philospher Kings : LHP Valentín Reséndez
|
Now at SS: Elpidio Martinho
|
|
Batting: RHB Júlio Figueroa
|
0-0: Foul Ball, location: 2F 0-1: Ball 1-1: Ball 2-1: SINGLE (Line Drive, 56D)
|
Batting: RHB Guo-xiu Choi
|
0-0: Called Strike 0-1: Swinging Strike 0-2: Ball 1-2: Ball 2-2: Fly out, F9 (Flyball, 89D)
|
Batting: LHB Marcos Cantú
|
0-0: Ball 1-0: Foul Ball, location: 2F 1-1: Called Strike 1-2: Foul Ball, location: 2F 1-2: Ball 2-2: Ball 3-2: Base on Balls Júlio Figueroa to second
|
Batting: RHB Kel Pierce
|
0-0: Ball 1-0: Foul Ball, location: 2F 1-1: SINGLE (Line Drive, 6MD) Júlio Figueroa to third Marcos Cantú to second
|
Batting: LHB Jeff Carter
|
0-0: Ball 1-0: Swinging Strike 1-1: Ball 2-1: Ground out 4-3 (Groundball, 4M) Júlio Figueroa scores Marcos Cantú to third Kel Pierce to second
|
Batting: LHB Bob Ware
|
0-0: Ball 1-0: Called Strike 1-1: Foul Ball, location: 2F 1-2: Ball 2-2: Foul Ball, location: 2F 2-2: Ball 3-2: Strikes out looking
|
Top of the 8th over - 1 run(s), 2 hit(s), 0 error(s), 2 left on base; St Charles 1 - Portland 5 |
BOTTOM OF THE 8TH |
Portland Philospher Kings batting - Pitching for St Charles Sheens : RHP Bob Moss
|
Batting: LHB Tom Blake
|
0-0: Ball 1-0: Called Strike 1-1: Foul Ball, location: 2F 1-2: Ground out 3-1 (Groundball, 34)
|
Batting: LHB Paul Mullins
|
0-0: Ball 1-0: Called Strike 1-1: Foul Ball, location: 2F 1-2: Foul Ball, location: 2F 1-2: Ball 2-2: Foul Ball, location: 2F 2-2: Foul Ball, location: 2F 2-2: DOUBLE (Flyball, 78D)
|
Pitching: LHP Rubén Martínez
|
|
Batting: RHB Aaron Scott
|
0-0: Intentional Walk
|
Batting: LHB Bill Bertrand
|
0-0: Ball 1-0: Called Strike 1-1: Swinging Strike 1-2: Strikes out swinging
|
Batting: RHB Germán Rosales
|
0-0: Ground out 5-3 (Groundball, 5S)
|
Bottom of the 8th over - 0 run(s), 1 hit(s), 0 error(s), 2 left on base; St Charles 1 - Portland 5 |
TOP OF THE 9TH |
St Charles Sheens batting - Pitching for Portland Philospher Kings : LHP Valentín Reséndez
|
Batting: RHB Alfredo Rivera
|
0-0: Ball 1-0: Ball 2-0: Fly out, F3 (Popup, 34)
|
Batting: RHB Max Rash
|
0-0: Foul Ball, location: 2F 0-1: Foul Ball, location: 2F 0-2: Ball 1-2: Strikes out looking
|
Batting: SHB Richard Bowman
|
0-0: Called Strike 0-1: SINGLE (Groundball, 25) (infield hit)
|
Batting: RHB Júlio Figueroa
|
0-0: Swinging Strike 0-1: Ball 1-1: Fielders Choice at 2nd, 6-4 (Groundball, 6)
|
Top of the 9th over - 0 run(s), 1 hit(s), 0 error(s), 0 left on base; St Charles 1 - Portland 5 |
|